 Dungeon Crawl Stone Soup version 0.20.0-8-g6b59dc7 (webtiles) character file.

154 Monsterracer the Slasher (level 5, 0/42 HPs)
             Began as a Barachi Fighter on June 1, 2017.
             Was an Initiate of Okawaru.
             Slain by oki's ghost (6 damage)
             ... on level 4 of the Dungeon.
             The game lasted 00:05:23 (2751 turns).

Monsterracer the Slasher (Barachi Fighter)          Turns: 2751, Time: 00:05:24

Health: 0/42       AC: 11    Str: 17    XL:     5   Next: 36%
Magic:  5/5        EV:  7    Int:  9    God:    Okawaru [......]
Gold:   102        SH: 13    Dex: 16    Spells: 4/4 levels left

rFire    . . .     SeeInvis .   a - +0 long sword
rCold    . . .     Gourm    .   c - +0 shield
rNeg     . . .     Faith    .   b - +0 scale mail
rPois    .         Spirit   .   n - +0 helmet
rElec    .         Reflect  +   (no cloak)
rCorr    .         Harm     .   l - +0 pair of gloves
MR       .....                  q - +1 pair of boots
Stlth    ..........             o - +4 amulet of reflection (curse)
Regen    0.2/turn               i - ring of loudness (curse)
MPRegen  0.1/turn               k - +4 ring of dexterity

@: can't hop, slow
A: +LOS, swims, slowness 1, strong legs 1
a: Hop, Renounce Religion


You were on level 4 of the Dungeon.
You worshipped Okawaru.
Okawaru was noncommittal.
You were not hungry.

You visited 1 branch of the dungeon, and saw 4 of its levels.

You collected 102 gold pieces.

Inventory:

Hand Weapons
 a - a +0 long sword (weapon)
Armour
 b - a +0 scale mail (worn)
 c - a +0 shield (worn)
 l - a +0 pair of gloves (worn)
 n - a +0 helmet (worn)
 q - a +1 pair of boots (worn)
Jewellery
 h - a cursed amulet of inaccuracy {unknown}
 i - a cursed ring of loudness (left hand)
 k - a +4 ring of dexterity (right hand)
 o - a cursed +4 amulet of reflection (around neck)
 r - an uncursed ring of flight
Wands
 j - a wand of iceblast (3/15)
Scrolls
 e - 4 scrolls of identify
 g - 2 scrolls of teleportation
Potions
 d - a potion of might
 s - a potion of lignification
 t - a potion of heal wounds
Comestibles
 f - 4 bread rations
 m - a royal jelly
 p - a meat ration


   Skills:
 + Level 4.1 Fighting
 * Level 5.3 Long Blades
 + Level 3.9 Armour
 + Level 0.7 Dodging
 + Level 3.5 Shields
 + Level 1.0 Invocations


You had 4 spell levels left.
You didn't know any spells.

Dungeon Overview and Level Annotations

Branches:
Dungeon (4/15)
 Temple: D:4-7

Altars:
Cheibriados
Okawaru

Shops:
D:4 ?

Annotations:
D:4 oki's ghost, novice OpFi


Innate Abilities, Weirdness & Mutations

Shadows flee at your approach. (+LOS)
You can swim through water.
You cover ground slowly.
You can hop short distances.


Message History

Oki's ghost hits you but does no damage.
You hit oki's ghost but do no damage. Oki's ghost hits you!
You block oki's ghost's attack.
You closely miss oki's ghost. Oki's ghost hits you!
* * * LOW HITPOINT WARNING * * *
Okay, then.
Oki's ghost flicks its blade from hand to hand, faster than the eye can follow.
You block oki's ghost's attack. You block oki's ghost's attack.
Oki's ghost hits you but does no damage.
Oki's ghost hits you!
* * * LOW HITPOINT WARNING * * *
Oki's ghost hits you.
* * * LOW HITPOINT WARNING * * *
Hop to where?
Press: ? - help, Dir - move target cursor Boing!
Oki's ghost shouts, "You will never get the ORB!"
Oki's ghost hits you.
You die...

######### ######.. ....# #......#
#.#.############### #.# #..#
#.#...............#
.##.###..###.............##..####
...............W@.<...##.##..#...
##.#8##.#####.#########.##..#.##
##.#.##.# #.# #.##..#.#
#.8.∩.8.#####.# #.##..#.##
#..#.##......(# #.##......
##.#8##.#####.# #.###.#.##
###...##....##.# #.# #.#.#
)........#...#.. #.###.#.##
..<.............. #......


You could see oki's ghost.

Vanquished Creatures
  The ghost of ThereIsNoGod the Cudgeler, a weakling GrGl (D:3)
  A worker ant zombie (D:3)
  2 adders
  3 worms
  4 dart slugs
  3 leopard geckos
  An orc (D:3)
  8 bats
  2 giant cockroaches (D:1)
  14 goblins
  6 hobgoblins
  8 kobolds
  A quokka (D:3)
  2 ball pythons
  4 frilled lizards
  A jackal skeleton (D:4)
  10 rats
71 creatures vanquished.

Notes
Turn   | Place    | Note
-------+----------+-------------------------------------------
     0 | D:1      | Monsterracer the Barachi Fighter began the quest for the Orb.
     0 | D:1      | Reached XP level 1. HP: 18/18 MP: 1/1
   167 | D:1      | Reached skill level 3 in Long Blades
   368 | D:1      | Reached XP level 2. HP: 24/24 MP: 2/2
   797 | D:1      | Reached skill level 4 in Long Blades
   821 | D:1      | Reached XP level 3. HP: 29/29 MP: 3/3
  1025 | D:2      | Found an iron altar of Okawaru.
  1056 | D:2      | Became a worshipper of Warmaster Okawaru
  1639 | D:2      | Reached skill level 5 in Long Blades
  1670 | D:2      | Reached XP level 4. HP: 36/36 MP: 4/4
  2271 | D:3      | Found a snail-covered altar of Cheibriados.
  2416 | D:3      | Noticed ThereIsNoGod's ghost (weakling GrGl)
  2438 | D:3      | Killed ThereIsNoGod's ghost
  2438 | D:3      | Reached XP level 5. HP: 32/42 MP: 5/5
  2704 | D:4      | Reached skill level 1 in Invocations
  2706 | D:4      | Found Qukk's Magic Scroll Emporium.
  2706 | D:4      | Noticed oki's ghost (novice OpFi)
  2751 | D:4      | Slain by oki's ghost

Skill      XL: |  1  2  3  4  5 |
---------------+----------------+-----
Long Blades    | 3 4 5 |  5.3
Fighting       | 4 |  4.1
Invocations    | 1 |  1.0
Armour         | |  3.9
Dodging        | |  0.7
Shields        | |  3.5

Action                   |  1- 3 |  4- 6 || total
-------------------------+-------+-------++-------
Melee: Long sword        |   136 |   122 ||   258
 Abil: Hop               |       |     1 ||     1
  Use: Potion            |     3 |       ||     3
       Scroll            |     7 |     2 ||     9
  Eat: Chunk             |     3 |     4 ||     7
Armor: Scale mail        |    48 |    40 ||    88
Dodge: Dodged            |    36 |    28 ||    64
Block: Shield            |   100 |    98 ||   198
       Reflection        |     1 |     2 ||     3
       Rpst.: Long sword |     8 |    10 ||    18
